AoeStats
← Hebron

Black Forest

510145806Analyzed
4v4 RM · 21h ago on Sep 29, 2026· 39m 52s· 8 players
Game mode
Random Map
Map size
Large (8 player)
Population
200
Speed
Normal
Resources
Standard
Victory
Conquest
Starting age
Dark Age
Ending age
Imperial Age
RankedLock teamsTeams togetherTeam positionsShared explorationLock speedFull tech treeHidden civsTurbo modeCheats
Victory
Defeat
1716
+10
🇨🇱 Vietnamese · Chile
1555
+17
🇺🇸 Sicilians · United States
1483
+20
🇨🇦 Dravidians · Canada
1478
+19
🇧🇪 Britons · Belgium
1643
-20
🇵🇱 Hindustanis · Poland
1589
-17
🇩🇪 Japanese · Germany
1553
-16
🇨🇭 Aztecs · Switzerland
1495
-13
ForeveR
11:18 Loom
13:33 Feudal Age
14:05 Double-Bit Axe
17:56 Castle Age
19:45 Scale Barding Armor
19:48 Light Cavalry
21:09 Bow Saw
22:53 Horse Collar
24:18 Stone Mining
24:18 Gold Mining
26:00 Wheelbarrow
25:11 Fishing Lines
26:30 Heavy Plow
30:13 Imperial Age
28:28 Gillnets
28:57 Scale Mail Armor
29:03 Squires
28:49 Arson
28:56 Arson
30:12 Chain Mail Armor
30:20 Forging
32:03 Chemistry
31:23 Elite Ghulam
32:23 Conscription
32:40 Iron Casting
36:23 Blast Furnace
36:27 Coinage
38:03 Chain Barding Armor
39:01 Banking
38:51 Bloodlines
38:41 Husbandry
38:09 Heavy Camel Rider
38:53 Grand Trunk Road
Komi
10:38 Feudal Age
14:33 Castle Age
15:09 Fishing Lines
15:23 Double-Bit Axe
18:10 Bow Saw
19:24 Loom
20:17 Wheelbarrow
19:31 Loom
20:38 Gillnets
21:53 Gold Mining
28:39 Imperial Age
26:11 Stone Mining
26:12 Horse Collar
26:57 Hand Cart
27:18 Ballistics
26:42 Treadmill Crane
28:52 Gold Shaft Mining
28:24 Fletching
29:10 Caravan
29:45 Conscription
29:45 Bodkin Arrow
30:37 Warwolf
31:13 Hoardings
30:45 Siege Engineers
30:51 Masonry
31:44 Chemistry
31:36 Caravan
32:11 Yeomen
32:06 Bracer
32:24 Padded Archer Armor
32:28 Elite Longbowman
34:30 Leather Archer Armor
34:35 Masonry
34:14 Arrowslits
34:19 Guard Tower
36:24 Ring Archer Armor
37:16 Keep
37:12 Architecture
36:53 Scale Mail Armor
36:35 Onager
39:00 Guilds
39:41 Coinage
39:39 Murder Holes
peah90
4:50 Loom
8:10 Loom
10:37 Feudal Age
11:16 Man-at-Arms
13:16 Forging
18:13 Fletching
22:15 Castle Age
20:57 Padded Archer Armor
23:04 Elite Skirmisher
24:01 Double-Bit Axe
26:17 Bow Saw
27:17 Town Watch
28:46 Horse Collar
35:14 Imperial Age
35:00 Ballistics
35:09 Leather Archer Armor
35:51 Pikeman
38:35 Chemistry
37:43 Scale Mail Armor
38:15 Bodkin Arrow
Iboomintowarelephants
1:33 Loom
11:38 Feudal Age
12:54 Town Watch
15:48 Castle Age
14:09 Double-Bit Axe
14:20 Fishing Lines
16:46 Bow Saw
17:44 Gold Mining
19:23 Gillnets
25:06 Imperial Age
23:21 Sanctity
23:50 Fervor
24:18 Herbal Medicine
24:49 Herbal Medicine
25:09 Redemption
25:38 Wheelbarrow
26:21 Block Printing
26:49 Theocracy
27:04 Illumination
28:14 Wheelbarrow
27:38 Herbal Medicine
27:47 Devotion
28:10 Conscription
31:28 Conscription
31:10 Scale Mail Armor
31:20 Forging
31:10 Eagle Warrior
31:51 Squires
32:07 Chain Mail Armor
33:45 Atonement
34:31 Hand Cart
34:50 Plate Mail Armor
35:53 Fletching
36:04 Padded Archer Armor
36:09 Atlatl
36:35 Bodkin Arrow
36:29 Elite Skirmisher
37:33 Leather Archer Armor
37:09 Elite Eagle Warrior
37:50 Bracer
38:29 Iron Casting
38:37 Ballistics
38:29 Clinker Construction
39:24 Chemistry
38:46 Horse Collar
39:17 Caravan
Hebron
1:18 Loom
10:35 Feudal Age
10:38 Man-at-Arms
11:43 Double-Bit Axe
15:08 Fletching
17:24 Horse Collar
17:53 Padded Archer Armor
21:33 Castle Age
20:38 Gold Mining
21:29 Wheelbarrow
21:36 Crossbowman
22:13 Bodkin Arrow
24:36 Bow Saw
24:52 Heavy Plow
26:00 Gold Shaft Mining
25:44 Hand Cart
28:50 Town Watch
30:42 Gold Shaft Mining
29:58 Stone Mining
33:26 Imperial Age
32:02 Bloodlines
31:52 Husbandry
32:00 Scale Barding Armor
32:36 Stone Shaft Mining
32:36 Forging
33:11 Chain Barding Armor
33:59 Iron Casting
33:28 Cavalier
34:45 Plate Barding Armor
35:06 Caravan
37:13 Blast Furnace
36:46 Hauberk
37:57 Chemistry
37:03 Siege Engineers
37:04 Scale Mail Armor
37:54 Coinage
38:02 Conscription
39:46 Ballistics
40:04 Hoardings
AlzzStriker
11:11 Feudal Age
14:58 Castle Age
13:25 Double-Bit Axe
16:03 Bow Saw
15:39 Fishing Lines
20:18 Horse Collar
22:41 Gillnets
23:36 Heavy Plow
24:49 Wheelbarrow
24:02 Loom
26:29 Hand Cart
26:00 Town Watch
26:32 Stone Mining
30:58 Imperial Age
28:52 Gold Mining
29:16 Caravan
29:46 Coinage
29:34 Fletching
29:44 Padded Archer Armor
30:06 Ballistics
29:57 Masonry
30:07 Light Cavalry
30:47 Husbandry
31:04 Medical Corps
31:24 Thumb Ring
31:34 Bodkin Arrow
31:57 Leather Archer Armor
31:48 Scale Barding Armor
32:54 Chemistry
32:15 Elite Elephant Archer
33:41 Conscription
34:06 Devotion
35:06 Faith
38:11 Siege Elephant
39:36 Banking
trói em vào cột điện
11:28 Feudal Age
15:03 Castle Age
12:54 Double-Bit Axe
13:48 Fishing Lines
16:43 Bow Saw
16:47 Gillnets
20:23 Wheelbarrow
28:25 Imperial Age
26:29 Fletching
26:39 Padded Archer Armor
26:45 Caravan
27:27 Bodkin Arrow
27:59 Hand Cart
27:30 Loom
27:36 Gold Mining
28:59 Ballistics
28:03 Crossbowman
28:44 Arbalester
29:29 Thumb Ring
29:26 Bracer
30:42 Chemistry
29:52 Stone Mining
30:38 Gold Shaft Mining
30:37 Leather Archer Armor
30:44 Conscription
32:14 Siege Engineers
32:19 Masonry
32:21 Bolt Magazine
35:30 Coinage
37:21 Ring Archer Armor
38:00 Banking
37:48 Capped Ram
letmebelieve
0:46 Loom
11:48 Feudal Age
15:59 Castle Age
14:16 Double-Bit Axe
23:18 Horse Collar
23:54 Bow Saw
24:58 Fletching
26:18 Bodkin Arrow
27:48 Wheelbarrow
28:22 Fortified Wall
29:20 Hand Cart
29:35 Town Watch
34:04 Imperial Age
33:00 Padded Archer Armor
34:22 Thumb Ring
33:37 Elite Skirmisher
35:16 Bracer
35:09 Imperial Skirmisher
36:22 Ballistics
37:49 Chemistry
39:09 Leather Archer Armor
40:19 Leather Archer Armor
Connection lost

Rejoining the realm…

Still unreachable

The connection could not be restored.

Session expired

The server has moved on; the page needs a fresh start.